 Dungeon Crawl Stone Soup version 0.27.0-1-g7a089689b8 (webtiles) character file.

Game seed: 5112044655933709868

354045 sasquatch the Imperceptible (level 21, -4/107 HPs)
             Began as a Vine Stalker Brigand on Aug 4, 2021.
             Was the Champion of Dithmenos.
             Killed from afar by a black draconian stormcaller (23 damage)
             ... on level 5 of the Depths.
             The game lasted 02:21:45 (38837 turns).

sasquatch the Imperceptible (Vine Stalker Brigand) Turns: 38837, Time: 02:21:46

Health: -4/107     AC: 19    Str: 17    XL:     21   Next: 90%
Magic:  0/38       EV: 40    Int: 11    God:    Dithmenos [******]
Gold:   598        SH:  0    Dex: 26    Spells: 9/20 levels left

rFire    + . .     SeeInvis +   a - +9 quick blade (vorpal)
rCold    + . .     Faith    .   (no shield)
rNeg     . . .     Spirit   +   s - +4 moon troll leather armour {Spirit, Regen++ MP+5}
rPois    +         Reflect  .   r - +2 helmet {SInv}
rElec    .         Harm     .   v - scarf {+Inv}
rCorr    .         Rampage  +   Y - +2 pair of gloves
Will     ++...                  S - +2 pair of boots {rampage} Stlth ********++
                                J - amulet of the acrobat
HPRegen  3.27/turn              L - ring of protection from fire
MPRegen  0.26/turn              E - ring of the Amoeba {rPois rC+ Str+3 Stlth+}

@: acrobatic, wreathed by umbra
A: fangs 3, regeneration 1, magic shield, antimagic bite, no potion heal 2,
poison resistance, shaggy fur 2
}: 3/15 runes: decaying, serpentine, silver
a: Renounce Religion, Evoke Invisibility, Shadow Step, Shadow Form


You were on level 5 of the Depths.
You worshipped Dithmenos.
Dithmenos was exalted by your worship.
You visited 9 branches of the dungeon, and saw 45 of its levels.
You also visited: Ossuary, Gauntlet and Wizlab.

You collected 3356 gold pieces.
You spent 2758 gold pieces at shops.

Inventory:

Hand Weapons
 a - a +9 vorpal quick blade (weapon)
 b - a +4 short sword of freezing
 K - a +4 dagger of draining
Missiles
 d - 105 poisoned darts
 e - 22 curare-tipped darts
 n - 9 throwing nets
 P - 23 atropa-tipped darts (quivered)
Armour
 o - a +0 buckler of reflection
 p - a +0 kite shield of reflection
 r - a +2 helmet of see invisible (worn)
 s - the +4 moon troll leather armour (worn) {Spirit, Regen++ MP+5}
   (You found it on level 4 of the Dungeon)

   MP:        It affects your magic capacity (+5).
   Regen:     It increases your rate of health regeneration.
 v - a scarf of invisibility (worn)
 x - the +0 hat "Leroret" {rF- rC+ Str+4}
   (You found it in a Gauntlet)

   Str:       It affects your strength (+4).
   rF:        It makes you vulnerable to fire.
   rC:        It protects you from cold.
 S - a +2 pair of boots of rampaging (worn)
 T - a +1 cloak of poison resistance
 Y - a +2 pair of gloves (worn)
Jewellery
 c - a ring of willpower
 D - a +6 ring of dexterity
 E - the ring of the Amoeba (right hand) {rPois rC+ Str+3 Stlth+}
   (You found it in a Gauntlet)

   [ring of poison resistance]

   Str:       It affects your strength (+3).
   rC:        It protects you from cold.
   rPois:     It protects you from poison.
   Stlth:     It makes you more stealthy.
 H - a ring of positive energy
 J - an amulet of the acrobat (around neck)
 L - a ring of protection from fire (left hand)
 Q - a ring of wizardry
 R - a ring of flight
Wands
 t - a wand of mindburst (29)
 u - a wand of polymorph (51)
 w - a wand of iceblast (48)
 N - a wand of paralysis (32)
 V - a wand of acid (16)
 X - a wand of digging (6)
Scrolls
 j - a scroll of teleportation
 q - 2 scrolls of enchant weapon
 y - 6 scrolls of enchant armour
 z - 22 scrolls of identify
 B - 5 scrolls of amnesia
 I - 2 scrolls of magic mapping
 M - 2 scrolls of summoning
Potions
 f - 6 potions of ambrosia
 g - 3 potions of haste
 h - 3 potions of magic
 i - 8 potions of curing
 k - 5 potions of attraction
 l - 10 potions of flight
 m - 3 potions of might
 A - a potion of berserk rage
 F - a potion of cancellation
 G - 4 potions of mutation
 O - 2 potions of brilliance
 W - 2 potions of resistance


   Skills:
 - Level 10.0 Fighting
 - Level 12.0 Short Blades
 - Level 10.0 Throwing
 + Level 14.1 Dodging
 + Level 24.9 Stealth
 - Level 15.0 Translocations
 - Level 15.0 Invocations
 * Level 6.3 Evocations


You had 9 spell levels left.
You knew the following spells:

 Your Spells              Type           Power      Damage    Failure   Level
a - Apportation           Tloc           66%        N/A       1%          1
b - Passage of Golubria   Tloc           N/A        N/A       1%          4
c - Teleport Other        Tloc           33%        N/A       1%          3
d - Gell's Gravitas       Tloc           16%        N/A       1%          3

Your spell library contained the following spells:

 Spells                   Type           Power      Damage    Failure   Level
 Lesser Beckoning         Tloc           16%        N/A       1%          3
 Animate Skeleton         Necr           0%         N/A       41%         1
 Beastly Appendage        Tmut           0%         N/A       41%         1
 Pain                     Necr           0%         1d4       41%         1
 Corpse Rot               Necr/Air       N/A        N/A       54%         2
 Poisonous Vapours        Pois/Air       0%         N/A       54%         2
 Slow                     Hex            0%         N/A       54%         2
 Static Discharge         Conj/Air       0%         N/A       54%         2
 Wereblood                Tmut           0%         N/A       54%         2
 Confusing Touch          Hex            0%         N/A       78%         3
 Ignite Poison            Fire/Tmut/Pois 0%         N/A       78%         3
 Spider Form              Tmut/Pois      0%         N/A       78%         3
 Stone Arrow              Conj/Erth      0%         3d7       78%         3
 Tukima's Dance           Hex            0%         N/A       78%         3
 Vampiric Draining        Necr           0%         2d6       78%         3
 Animate Armour           Summ/Erth      0%         N/A       99%         4
 Dispel Undead            Necr           0%         3d6       99%         4
 Petrify                  Tmut/Erth      0%         N/A       99%         4
 Sticky Flame             Conj/Fire      0%         2d3       99%         4
 Summon Ice Beast         Ice/Summ       0%         N/A       99%         4
 Agony                    Necr           0%         N/A       100%        5
 Alistair's Intoxication  Tmut/Pois      0%         N/A       100%        5
 Fireball                 Conj/Fire      0%         3d3       100%        5
 Irradiate                Conj/Tmut      0%         3d14      100%        5
 Silence                  Hex/Air        0%         N/A       100%        5
 Summon Mana Viper        Hex/Summ       0%         N/A       100%        5
 Yara's Violent Unravell  Hex/Tmut       0%         3d3       100%        5
 Death Channel            Necr           0%         N/A       100%        6
 Invisibility             Hex            0%         N/A       100%        6
 Starburst                Conj/Fire      0%         8x6d3     100%        6
 Monstrous Menagerie      Summ           0%         N/A       100%        7
 Ignition                 Fire           0%         3d3       100%        8
 Lehudib's Crystal Spear  Conj/Erth      0%         10d2      100%        8


Dungeon Overview and Level Annotations

Branches:
Dungeon (15/15)            Temple (1/1) D:4            Lair (6/6) D:9
  Swamp (4/4) Lair:4        Snake (4/4) Lair:3        Slime (0/5) Lair:5
    Orc (2/2) D:11            Elf (3/3) Orc:2        Vaults (5/5) D:14
  Crypt (0/3) Vaults:2     Depths (5/5) D:15        Ossuary (visited)
 WizLab (visited)         Gauntlet (visited)
    Zot: Depths:5

Altars:
Ashenzari
Cheibriados
Dithmenos
Elyvilon
Fedhas
Gozag
Hepliaklqana
Kikubaaqudgha
Makhleb
Nemelex Xobeh
Okawaru
Qazlal
Ru
Sif Muna
Trog
Uskayaw
Vehumet
Wu Jian
Xom
Yredelemnul
Zin
The Shining One
Beogh

Shops:
D:2 (   D:13 (   Orc:2 =(!   Elf:2 [   Elf:3 :   Snake:1 *:?([   Snake:4 [
Vaults:2 [:[(

Portals:
Hell: Depths:2 Depths:4
Abyss: Depths:2
Pandemonium: Depths:3 Depths:5

Annotations:
D:14 2 transporters
Lair:5 exclusion: 5 oklob plants
Lair:6 Snorg
Snake:4 Vashnia
Orc:1 Saint Roka
Vaults:4 exclusion: door
Depths:3 the Enchantress


Innate Abilities, Weirdness & Mutations

You have razor-sharp teeth.
Your natural rate of healing is unusually fast.
When hurt, damage is shared between your health and your magic reserves.
Your bite disrupts and absorbs the magic of your enemies.
Potions cannot restore your health.
Your system is resistant to poisons. (rPois)
You are covered in thick fur. (AC +2)


Message History

You kill the death drake!
The death drake's corpse disappears in a puff of smoke!
The black draconian stormcaller calls down the wrath of Qazlal upon you.
Qazlal smites you!
* * * LOW HITPOINT WARNING * * *
You rampage towards the black draconian stormcaller!
You hit the black draconian stormcaller.
You bite the black draconian stormcaller.
You drain its power.
You feel invigorated.
The black draconian stormcaller is lightly wounded.
You hit the black draconian stormcaller.
You bite the black draconian stormcaller, but do no damage.
The black draconian stormcaller is lightly wounded.
Your shadow hits the black draconian stormcaller with a quick blade.
You hit the black draconian stormcaller.
The black draconian stormcaller is moderately wounded.
The black draconian stormcaller completely misses you.
You hit the black draconian stormcaller.
You bite the black draconian stormcaller, but do no damage.
The black draconian stormcaller is moderately wounded.
You puncture the black draconian stormcaller!
You bite the black draconian stormcaller, but do no damage.
The black draconian stormcaller is moderately wounded.
Your shadow hits the black draconian stormcaller but does no damage.
You puncture the black draconian stormcaller!
Your bite misses the black draconian stormcaller.
The black draconian stormcaller is heavily wounded.
The black draconian stormcaller invokes the aid of Qazlal against you.
Qazlal smites you!
* * * LOW HITPOINT WARNING * * *
The wind drake disappears in a puff of smoke!
There is an open door, spattered with blood here.
The black draconian stormcaller breathes lightning at you.
The bolt of lightning hits you!!
* * * LOW HITPOINT WARNING * * *
As you read the scroll of fog, it crumbles to dust.
The scroll dissolves into smoke.
The black draconian stormcaller calls down the wrath of Qazlal upon you.
The blast of ice hits you!! You partially resist.
You die...

*,,,,,+,+,,∩,,* #..
*,,,,,****,,,** #..
###,,,,,* **,** #..
##.#****** *** ### #..# ##k
##..####### #########..
##...#.§.§.# #.....##..#
#.∩..#.§§§§###.....#..##
#....'.@§q§'dD.....'.##
##...#.§§§§###.....###
##..#..§§§# #.....#
##..###################
##......................
##.......................
#........................
*##.......#...............
**,#.......#...............


You could see a black draconian stormcaller.

Vanquished Creatures
  Mara (Depths:2)
  Bai Suzhen (Depths:1)
  2 liches (Depths:3)
  A quicksilver dragon (Depths:5)
  3 sphinxes
  Agnes (D:15)
  A tengu reaver (D:12)
  A fenstrider witch (Swamp:2)
  6 nagarajas
  Donald (Vaults:1)
  6 fire giants
  Louise (Depths:2)
  10 vault wardens
  Aizul (Snake:2)
  13 ironbound preservers
  2 spriggan defenders (Depths:2)
  5 very ugly things
  9 stone giants
  4 vampire knights
  2 green draconians (Depths:5)
  2 bunyips
  A deep elf annihilator (Vaults:3)
  5 spark wasps
  3 entropy weavers
  2 white draconians (Depths:5)
  An eleionoma (Swamp:1)
  2 dire elephants (Vaults:1)
  A purple draconian (Depths:5)
  2 pale draconians (Depths:5)
  7 ettins
  A minotaur (Gauntlet)
  5 fire dragons
  11 yaktaur captains
  2 ice dragons
  A rakshasa (Depths:3)
  3 boulder beetles
  2 great orbs of eyes
  5 ironbound thunderhulks
  15 naga warriors
  2 deep elf high priests
  3 salamander tyrants
  A peacekeeper (Vaults:4)
  Erolcha (Orc:2)
  15 hydras
  8 vault guards
  A spriggan air mage (Depths:4)
  6 catoblepae
  13 anacondas
  5 ironbound frosthearts
  4 two-headed ogres
  An alligator (Swamp:2)
  3 ogre magi
  4 dancing weapons
  3 death knights
  13 centaur warriors
  A tengu warrior (D:14)
  A deep troll earth mage (Depths:4)
  7 ironbound beastmasters
  5 death yaks
  An orc high priest (Orc:1)
  15 naga sharpshooters
  3 deep elf knights (Elf:2)
  A hell knight (Vaults:5)
  4 shock serpents
  A sun demon (Depths:4)
  An iron troll (Depths:4)
  6 salamander mystics
  3 skeletal warriors (D:14)
  3 flayed ghosts
  6 sea snakes
  3 glowing orange brains
  2 spriggan druids
  5 ironbound convokers
  A deep troll (shapeshifter) (Depths:5)
  7 swamp dragons
  2 deep elf archers (Elf:2)
  5 naga ritualists
  4 bog bodies
  6 wizards
  35 deep trolls
  A phantasmal warrior (Vaults:3)
  A shadow dragon zombie (Vaults:1)
  A harpy (shapeshifter) (Elf:3)
  12 lindwurms
  13 deep elf pyromancers
  13 deep elf zephyrmancers
  3 necromancers
  An orc knight (D:14)
  11 orc sorcerers
  An orb spider (shapeshifter) (D:13)
  A shining eye (Gauntlet)
  28 ugly things
  5 manticores
  A shining eye (shapeshifter) (Vaults:3)
  13 salamanders
  4 mana vipers
  8 cyclopes
  4 elephants (Lair:6)
  An elf zombie (Vaults:1)
  24 naga magi
  Joseph (Lair:1)
  12 vault sentinels
  9 guardian serpents
  A frost giant skeleton (Vaults:4)
  25 black mambas
  2 large abominations (Depths:4)
  A gargoyle (D:13)
  A torpor snail (Lair:4)
  Psyche (D:9)
  A redback zombie (D:15)
  A kobold demonologist (D:11)
  2 unseen horrors
  7 cane toads
  29 yaktaurs
  A minotaur zombie (Gauntlet)
  A hellwing (Depths:3)
  7 komodo dragons
  2 rime drakes
  An efreet (D:15)
  A hydra zombie (Swamp:4)
  A freezing wraith (D:12)
  A yaktaur (shapeshifter) (D:8)
  A demonic crawler (Lair:4)
  A jumping spider (Vaults:2)
  5 tengu conjurers
  A meliai (D:12)
  A meliai (shapeshifter) (D:14)
  2 harpy zombies (D:15)
  8 trolls
  A queen bee (Lair:1)
  A bloated husk (Swamp:3)
  3 tyrant leeches
  7 hornets
  3 polar bears
  A wolf spider simulacrum (D:15)
  A meliai zombie (D:11)
  9 blink frogs
  7 dream sheep
  A harpy skeleton (D:15)
  31 slime creatures
  A human simulacrum (Vaults:4)
  2 shadows
  4 redbacks
  An air elemental (Elf:3)
  66 yaks
  2 wraiths (D:12)
  A water elemental (Elf:3)
  7 wyverns
  2 vampires
  9 spriggans
  3 fire elementals
  A golden eye (shapeshifter) (Elf:2)
  16 humans (D:14)
  5 basilisks
  Grum (D:8)
  6 fire bats (D:11)
  5 steam dragons
  14 vampire mosquitoes
  8 swamp worms
  An acid dragon (D:12)
  46 nagas
  A warg (Orc:1)
  16 water moccasins
  A hell hound (Gauntlet)
  3 swamp drakes
  3 floating eyes
  2 sky beasts
  14 orc warriors
  3 boggarts (Vaults:3)
  An ice beast (D:5)
  8 ogres
  28 wolves
  10 centaurs
  2 phantoms
  A swamp dragon skeleton (Swamp:4)
  7 bullfrogs
  3 gnoll sergeants
  A scorpion (D:5)
  3 human skeletons
  A water moccasin zombie (D:5)
  8 small abominations
  2 troll zombies (Swamp:3)
  31 killer bees
  A troll skeleton (Swamp:3)
  13 wights
  9 electric eels
  2 howler monkeys
  A lava snake (D:14)
  A bullfrog zombie (D:6)
  2 human zombies
  5 centaur zombies
  2 jellies
  10 orc priests
  Natasha (twice) (D:2)
  2 iguanas
  26 orc wizards
  A hound skeleton (D:5)
  3 mummies (Ossuary)
  16 gnolls
  A howler monkey skeleton (D:5)
  10 adders
  4 white imps
  An ufetubus (D:7)
  5 adder zombies (Ossuary)
  An adder skeleton (D:4)
  6 worms
  3 dart slugs
  66 orcs
  3 endoplasms
  2 giant cockroaches
  A gnoll zombie (Ossuary)
  6 goblins
  8 hobgoblins
  14 jackals
  3 quokkas
  10 ball pythons
  6 bats
  4 frilled lizards
  4 goblin zombies
  2 hobgoblin zombies (Ossuary)
  4 kobolds
  A kobold zombie (Ossuary)
  A quokka skeleton (D:4)
  4 quokka zombies
  6 rats
  2 rat zombies (Ossuary)
1315 creatures vanquished.

Vanquished Creatures (collateral kills)
  A naga sharpshooter (Snake:4)
  A naga mage (Snake:4)
  An efreet (Gauntlet)
3 creatures vanquished.

Vanquished Creatures (others)
  An ice dragon (Depths:3)
  2 naga sharpshooters (Snake:3)
  3 nagas
  An ice beast (D:5)
  4 orc wizards (Orc:2)
  An orc (Orc:2)
  A bush (Lair:6)
  27 fungi
  65 plants
105 creatures vanquished.

Grand Total: 1423 creatures vanquished

Notes
Turn   | Place    | Note
-------+----------+-------------------------------------------
     0 | D:1      | sasquatch the Vine Stalker Brigand began the quest for the
                  | Orb.
     0 | D:1      | Reached XP level 1. HP: 11/11 MP: 2/2
   292 | D:1      | Reached skill level 5 in Stealth
   292 | D:1      | Reached XP level 2. HP: 14/15 MP: 3/3
   725 | D:1      | Reached XP level 3. HP: 18/18 MP: 2/4
  1180 | D:2      | Found Muxkaf's Antique Weapon Boutique.
  1391 | D:2      | Gained mutation: Your natural rate of healing is unusually
                  | fast. [Vine Stalker growth]
  1391 | D:2      | Reached XP level 4. HP: 23/23 MP: 5/5
  1515 | D:2      | Reached skill level 6 in Stealth
  1647 | D:2      | Noticed Natasha
  1657 | D:2      | Killed Natasha
  1898 | D:2      | Reached XP level 5. HP: 26/26 MP: 6/6
  2039 | D:2      | Noticed Natasha
  2045 | D:2      | Killed Natasha
  2346 | D:3      | Found a snail-covered altar of Cheibriados.
  2349 | D:3      | Found a sparkling altar of Nemelex Xobeh.
  2353 | D:3      | Found a glowing golden altar of the Shining One.
  2500 | D:3      | Found a faded altar of an unknown god.
  2674 | D:3      | Reached skill level 7 in Stealth
  2829 | D:4      | Found a staircase to the Ecumenical Temple.
  2835 | Temple   | Entered the Ecumenical Temple
  2946 | D:4      | Found the +4 moon troll leather armour {Spirit, Regen++
                  | MP+5}
  3076 | D:4      | Reached XP level 6. HP: 30/30 MP: 7/7
  3734 | D:5      | Entered Level 5 of the Dungeon
  3812 | D:5      | Found a sand-covered staircase.
  3819 | Ossuary  | Entered an ossuary
  3914 | Ossuary  | Reached skill level 8 in Stealth
  3966 | Ossuary  | Reached XP level 7. HP: 34/34 MP: 8/8
  3997 | Ossuary  | Reached skill level 5 in Short Blades
  4298 | D:3      | Reached skill level 9 in Stealth
  4584 | D:5      | Gained mutation: You have razor-sharp teeth. [Vine Stalker
                  | growth]
  4584 | D:5      | Reached XP level 8. HP: 38/38 MP: 9/9
  4709 | D:5      | Reached skill level 10 in Stealth
  5164 | D:6      | Reached skill level 11 in Stealth
  5260 | D:6      | Reached XP level 9. HP: 42/42 MP: 10/10
  5715 | D:7      | Reached skill level 12 in Stealth
  6201 | D:8      | Noticed Grum
  6241 | D:8      | Killed Grum
  6693 | D:8      | Noticed a cyclops
  6699 | D:8      | Killed a cyclops
  6700 | D:8      | Reached skill level 13 in Stealth
  6700 | D:8      | Reached XP level 10. HP: 46/46 MP: 11/11
  6700 | D:8      | Noticed a centaur warrior
  6733 | D:8      | Killed a centaur warrior
  6909 | D:9      | Reached skill level 10 in Short Blades
  6909 | D:9      | Reached skill level 14 in Stealth
  7132 | D:9      | Found a staircase to the Lair.
  7139 | D:9      | Reached skill level 15 in Stealth
  7243 | D:9      | Reached XP level 11. HP: 50/50 MP: 12/12
  7284 | D:9      | Reached skill level 16 in Stealth
  7727 | D:9      | Identified the +1 leather armour "Teidof" {rPois Regen+
                  | Str-5}
  7921 | D:10     | Entered Level 10 of the Dungeon
  7921 | D:10     | Noticed Psyche
  8012 | D:9      | Killed Psyche
  8205 | D:10     | Found a burning altar of Makhleb.
  8208 | D:10     | Found a shimmering blue altar of Sif Muna.
  8212 | D:10     | Found a shadowy altar of Dithmenos.
  8213 | D:10     | Found a glowing silver altar of Zin.
  8238 | D:10     | Reached skill level 17 in Stealth
  8242 | D:10     | Became a worshipper of Dithmenos the Shadowed
  9069 | D:10     | Found an ancient bone altar of Kikubaaqudgha.
  9338 | D:10     | Noticed a death knight
  9338 | D:10     | Noticed a centaur warrior
  9346 | D:10     | Noticed a purple ugly thing
  9350 | D:10     | Noticed a rakshasa
  9354 | D:10     | Noticed a two-headed ogre
  9551 | D:11     | Found a staircase to the Orcish Mines.
  9734 | D:11     | Reached * piety under Dithmenos
  9822 | D:11     | Noticed a fire dragon
  9823 | D:11     | Found the +7 great mace "Firestarter" {inner flame, rF++}
  9972 | Lair:1   | Entered Level 1 of the Lair of Beasts
 10123 | Lair:1   | Reached skill level 18 in Stealth
 10274 | Lair:1   | Noticed Joseph
 10297 | Lair:1   | Killed Joseph
 10356 | Lair:1   | Reached skill level 1 in Invocations
 10730 | Lair:1   | Reached XP level 12. HP: 54/54 MP: 15/15
 10980 | Lair:1   | Reached ** piety under Dithmenos
 11037 | Lair:1   | Reached skill level 5 in Invocations
 11495 | Lair:2   | Noticed a six-headed hydra
 11509 | Lair:2   | You fall into a shaft and drop 1 floor!
 11676 | Lair:3   | Found a staircase to the Snake Pit.
 11725 | Lair:3   | Noticed a seven-headed hydra
 11730 | Lair:3   | Killed a seven-headed hydra
 11809 | Lair:3   | Reached skill level 19 in Stealth
 11937 | Lair:3   | Noticed a four-headed hydra
 11941 | Lair:3   | Noticed an eight-headed hydra
 11944 | Lair:3   | Killed a four-headed hydra
 11980 | Lair:3   | Killed an eight-headed hydra
 12253 | Lair:3   | Found the +8 trident of the Octopus King {venom, rElec
                  | rPois Will+}
 13039 | Lair:2   | You fall into a shaft and drop 1 floor!
 13117 | Lair:2   | Killed a six-headed hydra
 13545 | Lair:4   | Found a gate leading to a gauntlet.
 13550 | Gauntlet | Entered a Gauntlet
 13550 | Gauntlet | Found a transporter.
 13550 | Gauntlet | Found a transporter.
 13560 | Gauntlet | Found a transporter.
 13564 | Gauntlet | Found a transporter.
 13571 | Gauntlet | Found a transporter.
 13574 | Gauntlet | Found a transporter.
 13576 | Gauntlet | Noticed a death yak
 13577 | Gauntlet | Noticed a death yak
 13578 | Gauntlet | Found a runed translucent door.
 13578 | Gauntlet | Noticed a death yak
 13578 | Gauntlet | Noticed a death yak
 13579 | Gauntlet | Noticed a death yak
 13580 | Gauntlet | Found a runed translucent door.
 13582 | Gauntlet | Found a transporter.
 13585 | Gauntlet | Noticed a death yak
 13601 | Gauntlet | Found a transporter.
 13618 | Gauntlet | Found a transporter.
 13621 | Gauntlet | Found a transporter.
 13631 | Gauntlet | Found a transporter.
 13634 | Gauntlet | Found a transporter.
 13771 | Gauntlet | Paralysed by a floating eye for 4 turns
 13776 | Gauntlet | Gained mutation: You sometimes lose the ability to read
                  | scrolls when taking damage. [a shining eye]
 13778 | Gauntlet | Reached XP level 13. HP: 58/58 MP: 21/21
 13783 | Gauntlet | Got Sif Muna's Disquisition on Sinister Magic and
                  | Dislocation
 13787 | Gauntlet | Lost mutation: You sometimes lose the ability to read
                  | scrolls when taking damage. [potion of mutation]
 13787 | Gauntlet | Gained mutation: Your magical capacity is low. (-10% MP)
                  | [potion of mutation]
 13787 | Gauntlet | Gained mutation: You are covered in fur. (AC +1) [potion of
                  | mutation]
 13787 | Gauntlet | Gained mutation: You have supernaturally acute eyesight.
                  | (SInv) [potion of mutation]
 13788 | Gauntlet | Lost mutation: Your magical capacity is low. (-10% MP)
                  | [potion of mutation]
 13788 | Gauntlet | Lost mutation: You have supernaturally acute eyesight.
                  | (SInv) [potion of mutation]
 13788 | Gauntlet | Gained mutation: You evolve. [potion of mutation]
 13788 | Gauntlet | Gained mutation: Your system is resistant to poisons.
                  | (rPois) [potion of mutation]
 13788 | Gauntlet | Gained mutation: You are covered in thick fur. (AC +2)
                  | [potion of mutation]
 13951 | Gauntlet | Identified the +0 hat "Leroret" {rF- rC+ Str+4}
 13971 | Gauntlet | Noticed a minotaur
 13983 | Gauntlet | Killed a minotaur
 14004 | Gauntlet | Reached skill level 10 in Invocations
 14013 | Gauntlet | Identified the ring of the Amoeba {rPois rC+ Str+3 Stlth+}
 14070 | Lair:4   | Found a staircase to the Swamp.
 14583 | Lair:4   | Reached skill level 20 in Stealth
 14818 | Lair:5   | Found a staircase to the Slime Pits.
 14874 | Lair:5   | Paralysed by a floating eye for 4 turns
 15022 | Lair:5   | Reached skill level 1 in Dodging
 15128 | Lair:5   | Reached *** piety under Dithmenos
 15840 | Lair:6   | Entered Level 6 of the Lair of Beasts
 16081 | Lair:6   | Reached XP level 14. HP: 56/63 MP: 23/24
 16194 | Lair:6   | Noticed Snorg
 16294 | Lair:6   | Reached **** piety under Dithmenos
 16561 | Lair:6   | Reached skill level 21 in Stealth
 17676 | Orc:1    | Entered Level 1 of the Orcish Mines
 17882 | Orc:2    | Entered Level 2 of the Orcish Mines
 17907 | Orc:2    | Found a staircase to the Elven Halls.
 18175 | Orc:1    | Reached ***** piety under Dithmenos
 18363 | Orc:2    | Noticed Saint Roka
 18404 | Orc:2    | Paralysed by an orc sorcerer for 5 turns
 18938 | Orc:2    | Found Xioged's Magic Scroll Shop.
 18969 | Orc:2    | Found a radiant altar of Vehumet.
 18969 | Orc:2    | Noticed Erolcha
 18991 | Orc:2    | Killed Erolcha
 19085 | Orc:2    | Found Zefi Bote's Jewellery Boutique.
 19181 | Orc:2    | Paralysed by an orc sorcerer for 5 turns
 19207 | Orc:2    | Reached XP level 15. HP: 67/67 MP: 26/26
 19223 | Orc:2    | Found Jar Ked's Antique Weapon Shop.
 19231 | Orc:2    | Found Jaxt's Distillery.
 19252 | Orc:2    | Found an ancient bone altar of Kikubaaqudgha.
 19717 | D:11     | Lost mutation: You evolve. [evolution]
 20017 | D:11     | Found a shadowy altar of Dithmenos.
 20317 | D:12     | Identified the +0 pearl dragon scales "Titruwne" {rN+
                  | Int+3}
 20885 | D:12     | Noticed a fire giant
 21060 | D:12     | Killed a fire giant
 21061 | D:12     | Reached skill level 22 in Stealth
 21130 | D:12     | HP: 1/67 [stone giant/large rock (31)]
 21463 | D:13     | Identified a scroll of acquirement
 21463 | D:13     | Acquired a +7 quick blade
 21486 | D:13     | Found Xositz's Antique Weapon Boutique.
 21591 | D:13     | Identified the +8 hunting sling of Parts Unknown {freeze,
                  | Fragile Fly Stlth+}
 22460 | D:14     | Found a transporter.
 22477 | D:14     | Found a transporter.
 22665 | D:14     | Found a gate to the Vaults.
 22938 | D:14     | Reached ****** piety under Dithmenos
 22939 | D:14     | Reached skill level 5 in Fighting
 22974 | D:14     | Reached XP level 16. HP: 76/76 MP: 27/27
 23423 | D:15     | Entered Level 15 of the Dungeon
 23567 | D:15     | Reached skill level 5 in Dodging
 23579 | D:15     | Noticed Agnes
 23588 | D:15     | Killed Agnes
 23708 | D:15     | Found a broken altar of Ashenzari.
 24008 | D:15     | Found a staircase to the Depths.
 24013 | D:15     | Reached skill level 15 in Invocations
 24222 | D:12     | Noticed a tengu reaver
 24237 | D:12     | Killed a tengu reaver
 24637 | Snake:1  | Entered Level 1 of the Snake Pit
 25015 | Snake:1  | Found Tiliemn's Book Shop.
 25017 | Snake:1  | Found Luneop's Antique Armour Boutique.
 25017 | Snake:1  | Found Vynwe's General Store.
 25023 | Snake:1  | Found Zuse's Magic Scroll Boutique.
 25039 | Snake:1  | Bought a scroll of acquirement for 832 gold pieces
 25039 | Snake:1  | Acquired a manual of Translocations
 25050 | Snake:1  | Bought a scroll of blinking for 97 gold pieces
 25050 | Snake:1  | Bought a scroll of teleportation for 39 gold pieces
 25056 | Snake:1  | Bought a book of Party Tricks for 450 gold pieces
 25059 | Snake:1  | Bought a glowing cloak for 262 gold pieces
 25059 | Snake:1  | Bought a pair of embroidered gloves for 262 gold pieces
 25073 | Snake:1  | Learned a level 1 spell: Apportation
 25091 | Snake:1  | Reached skill level 1 in Translocations
 25173 | Snake:1  | Found Pezijiq's Weapon Emporium.
 25239 | Snake:1  | Bought 7 atropa-tipped darts for 79 gold pieces
 25841 | Snake:2  | Noticed Aizul
 25844 | Snake:2  | Killed Aizul
 25845 | Snake:2  | Reached skill level 5 in Translocations
 26317 | Snake:3  | Noticed a nagaraja
 26531 | Snake:3  | Reached XP level 17. HP: 85/85 MP: 29/29
 26823 | Snake:3  | Learned a level 4 spell: Passage of Golubria
 26929 | Snake:3  | Reached skill level 10 in Translocations
 27535 | Snake:4  | Entered Level 4 of the Snake Pit
 28604 | Snake:4  | Noticed Vashnia
 28679 | Snake:4  | Found Sash's Antique Armour Shop.
 28849 | Snake:4  | Reached XP level 18. HP: 93/93 MP: 30/30
 28954 | Snake:4  | Learned a level 3 spell: Teleport Other
 28978 | Snake:4  | Learned a level 3 spell: Gell's Gravitas
 29285 | Snake:4  | Reached skill level 10 in Fighting
 29448 | Snake:4  | Got a serpentine rune of Zot
 29613 | Swamp:1  | Entered Level 1 of the Swamp
 29928 | Swamp:3  | Found a radiant altar of Vehumet.
 30019 | Swamp:4  | Entered Level 4 of the Swamp
 30079 | Swamp:4  | Found a basalt altar of Yredelemnul.
 30085 | Swamp:4  | Got a decaying rune of Zot
 30114 | Swamp:4  | Identified the +8 plate armour of Wu Jian's Grace {+Blink
                  | Dex+2 Stlth+}
 30288 | Swamp:3  | Got the Reference Book on Virous Transmigration
 30559 | Depths:1 | Entered Level 1 of the Depths
 30565 | Depths:1 | Noticed Bai Suzhen
 30568 | Depths:1 | Killed Bai Suzhen
 30619 | Depths:2 | Reached skill level 10 in Dodging
 30696 | Depths:2 | Found a one-way gate to the infinite horrors of the Abyss.
 30696 | Depths:2 | Identified the +8 tower shield of Xaplunet {rCorr}
 30696 | Depths:2 | Noticed Louise
 30698 | Depths:2 | Killed Louise
 30699 | Depths:2 | Reached skill level 15 in Translocations
 30826 | Depths:2 | Found a gateway to Hell.
 30861 | Depths:3 | Noticed a lich
 30898 | Depths:3 | Killed a lich
 30899 | Depths:3 | Reached XP level 19. HP: 84/96 MP: 31/31
 31054 | Depths:3 | Found a one-way gate leading to the halls of Pandemonium.
 31171 | Depths:3 | Noticed the Enchantress
 31180 | Depths:3 | Noticed a dread lich
 31916 | Vaults:1 | Entered Level 1 of the Vaults
 32801 | Vaults:1 | Reached skill level 5 in Throwing
 32807 | Vaults:1 | Noticed Donald
 32812 | Vaults:1 | Killed Donald
 33335 | Vaults:2 | Found Nuetry's Antique Weapon Shop.
 33400 | Vaults:2 | Found Qeogaj's Antique Armour Shoppe.
 33529 | Vaults:2 | Found a staircase to the Crypt.
 33624 | Vaults:2 | Found Imautoah's Book Shoppe.
 33655 | Vaults:2 | Reached skill level 23 in Stealth
 33862 | Vaults:2 | Found Ovvav's Armour Shop.
 33993 | Vaults:2 | Bought a +2 pair of boots of rampaging for 473 gold pieces
 34417 | Vaults:3 | Reached XP level 20. HP: 102/102 MP: 32/32
 35858 | Vaults:4 | Reached skill level 24 in Stealth
 35953 | Vaults:5 | Entered Level 5 of the Vaults
 35968 | Vaults:5 | Got a silver rune of Zot
 36376 | Vaults:4 | Reached XP level 21. HP: 107/107 MP: 33/33
 36824 | Elf:1    | Entered Level 1 of the Elven Halls
 36929 | Elf:2    | Found Dunuz's Antique Armour Shoppe.
 36937 | Elf:2    | Bought a runed scarf for 264 gold pieces
 36974 | Elf:2    | Found a magical portal.
 36979 | WizLab   | Entered Cigotuvi's Fleshworks
 37058 | Elf:2    | Reached skill level 1 in Evocations
 37073 | Elf:3    | Entered Level 3 of the Elven Halls
 37268 | Elf:3    | Reached skill level 10 in Throwing
 37377 | Elf:3    | Found Avvoess's Book Emporium.
 37687 | Depths:2 | Noticed Mara
 37716 | Depths:2 | Killed Mara
 37821 | Depths:3 | Paralysed by a floating eye for 3 turns
 38070 | Depths:5 | Entered Level 5 of the Depths
 38269 | Depths:4 | Reached skill level 5 in Evocations
 38837 | Depths:5 | Killed from afar by a black draconian stormcaller

Illustrated notes

Levels and vault maps discovered:
D:1:      lemuel_arrival_rhombus, layout_rooms, minmay_tetromino_t4
D:2:      layout_basic, serial_shops, shop_statue, grunt_ministairs_12,
          uniq_natasha
D:3:      cheibrodos_helix_gallery, layout_loops_ring,
          grunt_temple_overflow_open, ebering_ecumenical_altar_webs
D:4:      layout_gridville, temple_green, hex_medium
D:5:      layout_gridville, enter_ossuary_4
D:6:      layout_rooms, hangedman_abyss_or_decor_stagger, skrybe_limestone_x,
          minivault_27
D:7:      layout_rooms, kennysheep_generic_room_4
D:8:      minmay_blocky_corners, layout_loops_ring, amcnicky_mini_pool_small,
          uniq_grum
D:9:      layout_irregular_city, minmay_lair_entry_grove
D:10:     layout_layer_cave, minitemple, evilmike_minifort, uniq_psyche
D:11:     minmay_firetagon, layout_loops_corners, hiddenorc1_lemuel,
          grunt_dithmenos_smoke_and_mirrors
D:12:     minmay_sliced_demisemicircle, layout_long_grid
D:13:     layout_grid_maze, serial_shops, nicolae_shop_crystal,
          minmay_misc_feat_cross
D:14:     gammafunk_worm_tunnel, layout_long_grid, david_vaults_3,
          nicolae_lava_and_water
D:15:     grunt_enter_depths_magical_seal, layout_cave_pools,
          nicolae_ashenzari_skybound, uniq_agnes
Temple:   nicolae_temple_great_sept
Lair:1:   layout_cave_pods, special_room [special_room_bee], uniq_joseph
Lair:2:   layout_layer_cave, grunt_megastairs_1, lemuel_fruit_fields,
          infiniplex_staircase_pool_2, serial_bayou_shore_a,
          serial_bayou_shore_b
Lair:3:   layout_cave_pods, guppyfry_snake_entry_garden
Lair:4:   layout_hall_layers, swamp_mist_pool, gauntlet_entry_generic,
          worms_lemuel
Lair:5:   layout_cave_pods, minmay_slime_entry_pillars,
          nicolae_quartered_pool_super, disabler_island, lemuel_fruit_tree,
          minmay_lair_oklob_chamber
Lair:6:   evilmike_catoblepas_cave, layout_regular_city, uniq_snorg
Swamp:1:  layout_basic_swamp, evilmike_swamp_ruin_rubble_1,
          nicolae_swamp_frolicking_bunyips, infiniplex_staircase_pool
Swamp:2:  layout_falls_marsh, evilmike_swamp_ruin_house_2
Swamp:3:  layout_basic_swamp, lemuel_altar_in_water2, cheibrodos_swamp_minitomb
Swamp:4:  byrel_swamp_growth_death_and_undeath, layout_basic_swamp
Snake:1:  layout_basic, serial_shops, nicolae_shop_statue_plus,
          grunt_ministairs_2, serial_bayou_ford_a, minmay_shoptagon
Snake:2:  layout_cave_pods, eino_curves_04, uniq_aizul
Snake:3:  layout_misc_corridors, st_stairs_5, guppyfry_snake_island,
          grunt_megastairs_5
Snake:4:  grunt_snake_rune_serpentine_throne, layout_rooms, serial_shops, shop,
          uniq_vashnia
Orc:1:    layout_diamond_mine
Orc:2:    kennysheep_orc_mage_school, layout_caves, basic_altar, uniq_saint_roka
Elf:1:    minmay_elf_arrival_plus, layout_geoelf_grid, serial_shops,
          nicolae_shop_waterfront, nicolae_diamond_shop, shop,
          nicolae_shop_trees, shop, portal_desolation_entry_holy_temple,
          hangedman_elven_crosses_minicolossus, nicolae_elf_archery_training,
          grunt_megastairs_3
Elf:2:    elven_hall_of_blades_hangedman_original [grunt_blade_entry_basic],
          layout_onion_city, mu_enter_wizlab_2, serial_shops,
          nicolae_shop_crystal
Elf:3:    elf_hall, layout_loops_corners, serial_shops, shop,
          nicolae_elf_elemental_lessons
Vaults:1: vaults_dpeg_encased_lava, v_rooms_1, hangedman_vaults_hat,
          ontoclasm_vaults_hangar, v_misc_16, v_misc_13, vaults_room_pool,
          layout_vaults_omnigrid, uniq_donald
Vaults:2: v_misc_5, blue_anna_dwarven_crypt, vaults_standard_mumra_x,
          ontoclasm_vaults_bender, v_misc_4, hangedman_vaults_locks,
          nicolae_vaults_specimen_jars, vaults_dpeg_ring, v_misc_18, v_misc_11,
          layout_vaults_maze_snakey, serial_shops, shop_statue, shop, shop,
          nicolae_shop_statue_plus
Vaults:3: nicolae_vaults_windows_and_doors_thing, ontoclasm_vaults_idyll,
          nicolae_vaults_little_ls, nicolae_vaults_gold_heap,
          vaults_room_ringed_pool, vaults_room_boxed, vaults_room_glass_cross,
          grunt_vaults_diagonal, hangedman_vaults_slice, v_misc_33, v_misc_10,
          nicolae_vaults_little_squares_5, layout_vaults_omnicross,
          serial_shops, nicolae_lakefront_shop
Vaults:4: vaults_mumra_chevron, v_misc_9, hangedman_vaults_snaps,
          st_smaller_cells, v_misc_27, vaults_room_hallway, v_pattern_3,
          nicolae_vaults_diagonal_hallway_6, nicolae_vaults_network_star,
          nicolae_vaults_ninety_degrees, vaults_room_pools,
          nicolae_vaults_hallways_thing, nicolae_vaults_little_squares_4,
          nicolae_vaults_ring_of_whatevers, layout_vaults_ring
Vaults:5: serial_shops
Depths:1: minmay_swirls_squares, layout_gridville, enter_ziggurat_e,
          hangedman_coc_ice_floe, nicolae_ru_path_of_blood,
          minmay_the_grid_square_5x5_3x3_mashed
          [minmay_the_grid_square_5x5_half_checkered,
          minmay_the_grid_square_5x5_three,
          minmay_the_grid_square_5x5_three_walls,
          minmay_the_grid_square_5x5_checkered_statues,
          minmay_the_grid_square_5x5_megaprize_hollow,
          minmay_the_grid_square_5x5_gyroscope,
          minmay_the_grid_square_5x5_spiral_small,
          minmay_the_grid_square_5x5_percent,
          minmay_the_grid_square_5x5_shuriken], uniq_bai_suzhen
Depths:2: nzn_winding_woodlands_small [nzn_winding_woodlands_5x15_crooked,
          nzn_winding_woodlands_center_diamonds,
          nzn_winding_woodlands_5x15_pockets], layout_long_grid,
          nicolae_abyss_entry_one_way_or_another, hell_entry,
          chequers_serial_rivers_small_b, uniq_mara
Depths:3: grunt_x_marks_the_spot, layout_cave_pools,
          minmay_staircase_windowed_large, hangedman_tar_grid_catacomb,
          grunt_pan_entry_sceptre, uniq_enchantress
Depths:4: thingy_vault, layout_gridlike, minmay_room_of_horrors,
          hangedman_geh_valley, infiniplex_staircase_diamond, firewood_loft
Depths:5: evilmike_zot_entry_gauntlet, layout_cave_pools, pan_entry,
          hellmouth_1, amcnicky_mini_rare_corridor_liquid, grunt_megastairs_2,
          uniq_margery

Skill      XL: |  1  2  3  4  5  6  7  8  9 10 11 12 13 14 15 16 17 18 19 20 21 |
---------------+----------------------------------------------------------------+-----
Short Blades   | 2 3 4 6 7 9 10 11 12 | 12.0
Stealth        | 5 6 7 8 9 11 13 15 18 19 20 21 22 23 24 | 24.9
Invocations    | 3 9 12 13 14 15 | 15.0
Dodging        | 1 4 7 8 10 12 13 14 | 14.1
Fighting       | 2 5 8 9 10 | 10.0
Translocations | 7 12 15 | 15.0
Throwing       | 6 9 10 | 10.0
Evocations     | 6 |  6.3

Action                   |  1- 3 |  4- 6 |  7- 9 | 10-12 | 13-15 | 16-18 | 19-21 || total
-------------------------+-------+-------+-------+-------+-------+-------+-------++-------
Melee: Dagger            |    75 |   266 |   344 |   903 |  1544 |       |       ||  3132
       Bite              |    16 |    84 |   139 |   345 |   911 |   736 |  1112 ||  3343
       Short sword       |       |       |       |       |    66 |       |       ||    66
       Quick blade       |       |       |       |       |   288 |  1477 |  1902 ||  3667
Throw: Dart              |       |       |       |     2 |       |     2 |     6 ||    10
 Cast: Passage of Golubr |       |       |       |       |       |     8 |     4 ||    12
Invok: Shadow Step       |       |       |       |     1 |     3 |    15 |    11 ||    30
Evoke: Wand              |       |       |       |     2 |       |       |     2 ||     4
  Use: Scroll            |       |     4 |     7 |    12 |     9 |    17 |    12 ||    61
       Potion            |       |       |       |     3 |     5 |       |     2 ||    10
 Stab: Sleeping          |     8 |    22 |    14 |    44 |    60 |   116 |   166 ||   430
       Distracted        |       |       |     1 |     1 |    11 |    15 |     7 ||    35
       Invisible         |       |       |       |       |     3 |     2 |     1 ||     6
Armor: Robe              |    19 |    26 |       |       |       |       |       ||    45
       Troll leather arm |       |    46 |   119 |   305 |   616 |   163 |   197 ||  1446
Dodge: Dodged            |    43 |   121 |   123 |   380 |   979 |   738 |   936 ||  3320
